AoeStats
← bigsheeplili

Hill Fort

504172329Analyzed
4v4 RM · 28d ago on Sep 4, 2026· 37m 36s· 8 players
Game mode
Random Map
Map size
Large (8 player)
Population
200
Speed
Normal
Resources
Standard
Victory
Conquest
Starting age
Dark Age
Ending age
Imperial Age
RankedLock teamsTeams togetherTeam positionsShared explorationLock speedFull tech treeHidden civsTurbo modeCheats
Victory
Defeat
🇵🇪 Britons · Peru
1096
+15
🇬🇷 Bulgarians · Greece
1065
+16
🇨🇳 Bohemians · China
1057
+17
🇫🇮 Persians · Finland
1030
+18
🇨🇳 Hindustanis · China
1104
-18
🇭🇰 Persians · Hong Kong SAR China
1072
-16
🇭🇰 Tupi · Hong Kong SAR China
1059
-16
🇨🇳 Huns · China
1055
-16
M@nte
10:01 Feudal Age
10:40 Double-Bit Axe
12:24 Loom
20:54 Castle Age
18:46 Horse Collar
18:58 Gold Mining
21:07 Stone Mining
21:48 Heavy Plow
22:01 Bow Saw
23:52 Squires
24:11 Forging
25:12 Iron Casting
25:06 Pikeman
26:59 Scale Mail Armor
29:44 Town Watch
32:17 Wheelbarrow
33:22 Gold Shaft Mining
33:23 Husbandry
34:19 Squires
34:37 Chain Mail Armor
37:02 Arson
37:27 Scale Barding Armor
37:13 Fletching
Carlongas
10:24 Feudal Age
15:15 Loom
18:08 Castle Age
16:16 Double-Bit Axe
16:39 Horse Collar
16:51 Gold Mining
17:39 Fletching
19:09 Bow Saw
19:03 Heavy Plow
19:18 Bodkin Arrow
19:41 Elite Skirmisher
19:44 Crossbowman
21:12 Padded Archer Armor
22:05 Leather Archer Armor
26:50 Stone Mining
28:35 Wheelbarrow
29:35 Hand Cart
34:32 Imperial Age
32:21 Forging
32:48 Gold Shaft Mining
33:45 Iron Casting
33:11 Scale Mail Armor
33:13 Squires
33:37 Ballistics
33:27 Pikeman
34:49 Chain Mail Armor
34:20 Arson
34:39 Arbalester
35:24 Bracer
37:24 Chemistry
36:05 Treadmill Crane
37:32 Ring Archer Armor
37:27 Conscription
37:28 Yeomen
37:18 Sappers
38:21 Plate Mail Armor
bigsheeplili
8:07 Loom
10:25 Feudal Age
12:44 Wheelbarrow
15:45 Castle Age
14:07 Double-Bit Axe
14:33 Horse Collar
16:54 Bow Saw
18:54 Heavy Plow
19:16 Town Watch
26:17 Hand Cart
29:54 Imperial Age
28:25 Pikeman
29:42 Squires
29:27 Arson
31:07 Town Patrol
31:23 Forging
32:16 Wagenburg Tactics
33:08 Halberdier
37:45 Iron Casting
37:10 Scale Mail Armor
Walsu
10:37 Feudal Age
11:20 Double-Bit Axe
15:21 Horse Collar
19:00 Forging
19:41 Loom
23:05 Castle Age
22:15 Bloodlines
22:13 Scale Barding Armor
24:07 Husbandry
25:22 Iron Casting
25:45 Wheelbarrow
25:06 Gold Mining
25:22 Heavy Plow
29:10 Chain Barding Armor
31:35 Bow Saw
38:05 Imperial Age
谷得超勁
11:59 Feudal Age
16:30 Castle Age
15:33 Double-Bit Axe
15:53 Horse Collar
18:17 Wheelbarrow
20:57 Stone Mining
22:25 Bow Saw
24:42 Heavy Plow
32:24 Imperial Age
30:35 Murder Holes
31:01 Ballistics
30:45 Gold Mining
34:38 Chemistry
35:52 Two-Man Saw
35:27 Gold Shaft Mining
LLih
10:52 Feudal Age
9:50 Loom
11:06 Loom
12:06 Loom
15:30 Castle Age
14:37 Horse Collar
15:54 Double-Bit Axe
23:03 Heavy Plow
23:08 Town Watch
24:07 Bow Saw
26:19 Wheelbarrow
27:00 Bloodlines
27:24 Scale Barding Armor
28:36 Gold Mining
29:09 Husbandry
29:35 Stone Mining
31:26 Hand Cart
31:54 Chain Barding Armor
31:45 Forging
34:58 Imperial Age
33:30 Ballistics
35:12 Masonry
35:53 Iron Casting
36:08 Conscription
36:24 Plate Barding Armor
36:53 Chemistry
35:32 Heavy Camel Rider
布丁骰子
10:30 Feudal Age
11:19 Double-Bit Axe
14:02 Horse Collar
19:47 Castle Age
20:46 Gold Mining
20:47 Stone Mining
21:17 Bow Saw
21:08 Heavy Plow
27:17 Imperial Age
28:38 Gold Shaft Mining
28:58 Wheelbarrow
28:08 Town Watch
28:09 Loom
29:48 Cavalier
30:29 Husbandry
30:39 Bloodlines
31:57 Two-Man Saw
Majorian
10:50 Feudal Age
12:13 Wheelbarrow
15:15 Castle Age
13:57 Double-Bit Axe
14:47 Horse Collar
17:35 Scale Barding Armor
19:12 Bloodlines
20:29 Chain Barding Armor
24:06 Forging
25:09 Loom
26:23 Iron Casting
28:58 Gold Mining
34:01 Imperial Age
31:27 Town Watch
32:50 Gold Shaft Mining
34:09 Hand Cart
33:39 Cavalier
34:59 Plate Barding Armor
35:58 Savar
38:05 Conscription
Connection lost

Rejoining the realm…

Still unreachable

The connection could not be restored.

Session expired

The server has moved on; the page needs a fresh start.